Cogmind - Beta 14 @@@ ROGUE MODE // 2024.09.04 @ 15:05:44 Player: YA-B01 Result: Destroyed by G-34 Mercenary with Small Laser Performance ------------- Evolutions (0) 0 Regions Visited (1) 200 Robots Destroyed (25) 125 Value Destroyed (547) 547 Prototype IDs (5) 100 Alien Tech Used (0) 0 Bonus (0) 0 TOTAL SCORE: 972 Bonus ------- None Cogmind --------- Core Integrity 0/250 Matter 300/300 Energy 246/250 System Corruption 0% Temperature Cool (8) Movement Walking (190) Ox1 Location -10/Materials Parts ------- > --- POWER (1) -------- Ion Engine > --- PROPULSION (2) --- Aluminum Leg Aluminum Leg > --- UTILITY (2) ------ Large Storage Unit > --- WEAPON (2) ------- Medium Laser > --- INVENTORY (15) --- Aluminum Leg Aluminum Leg Aluminum Leg Hover Unit Hover Unit Small Storage Unit Sensor Array Signal Interpreter ECM Suite Hacking Suite Hacking Suite Medium Laser Light Assault Rifle Datajack Hammer Peak State ------------ > --- POWER ------------ Ion Engine > --- PROPULSION ------- Aluminum Leg Aluminum Leg > --- UTILITY ---------- Heat Sink Large Storage Unit > --- WEAPON ----------- Medium Laser Hammer > --- INVENTORY -------- Light Ion Engine Aluminum Leg Aluminum Leg Aluminum Leg Aluminum Leg Small Storage Unit ECM Suite Hacking Suite Medium Laser Medium Laser Light Assault Rifle Datajack Mining Claw [Rating: 8] Favorites ----------- Power Ion Engine Engine Ion Engine Propulsion Aluminum Leg Treads Light Treads Leg Aluminum Leg Utility Large Storage Unit Device Heat Sink Storage Large Storage Unit Weapon Medium Laser Energy Gun Medium Laser Ballistic Gun Assault Rifle Impact Weapon Hammer Build | -11 -10 ------- Run | Yrd Mat Slots Evolved . | . . Power . | . . Propulsion . | . . Utility . | . . Weapon . | . . Parts Attached 23 | 6 17 Power 3 | 2 1 Engine 3 | 2 1 Core . | . . Reactor . | . . Propulsion 6 | 2 4 Treads 2 | 2 . Leg 4 | . 4 Wheel . | . . Hover . | . . Flight . | . . Utility 4 | . 4 Device 2 | . 2 Storage 2 | . 2 Processor . | . . Hackware . | . . Protection . | . . Artifact . | . . Weapon 10 | 2 8 Energy Gun 6 | . 6 Energy Cannon . | . . Ballistic Gun 2 | 2 . Ballistic Cannon . | . . Launcher . | . . Special Weapon . | . . Impact Weapon 2 | . 2 Slashing Weapon . | . . Piercing Weapon . | . . Special Melee Weapon . | . . Unidentified Prototypes . | . . Parts Lost 6 | . 6 Power 1 | . 1 Propulsion 2 | . 2 Utility 1 | . 1 Weapon 2 | . 2 Highest Loss Streak 2 | . 2 To Critical Strikes . | . . Average Slot Usage (%) 72 | . 72 Engine 7 | . 7 Treads 10 | . 10 Leg 12 | . 12 Device 3 | . 3 Storage 13 | . 13 Energy Gun 13 | . 13 Ballistic Gun 3 | . 3 Impact Weapon 7 | . 7 Peak Build Rating 8 | 5 8 Average Rating 5 | 4 5 On Entrance 2 | . 5 Naked Turns . | . . Heaviest Build 30 | 8 30 Greatest Support 40 | 40 40 Greatest Overweight (x) 2 | . 2 Average Overweight (x) . | . . Largest Inventory Capacity 15 | 5 15 Average Capacity 14 | 5 14 Most Carried 15 | 3 15 Average Carried 11 | 1 11 Final Capacity 15 | 5 15 Final Carried 15 | 3 15 Class Distribution -------------------- 100% | Mutant Dominant Class ---------------- Mutant | -10/Materials Resources | -11 -10 ----------- Run | Yrd Mat Matter Collected 424 | 220 204 Remotely . | . . Salvage Created 728 | . 728 Parts 34 | . 34 Haulers Intercepted 1 | . 1 Recyclers Shooed 1 | . 1 Parts Field Recycled . | . . Retrieved Matter . | . . Parts Self-Destructed . | . . Prevented . | . . Kills | -11 -10 ------- Run | Yrd Mat Combat Hostiles Destroyed 15 | . 15 Melee 7 | . 7 Guns 3 | . 3 Classes Destroyed 8 | . 8 Worker 2 | . 2 Builder 1 | . 1 Tunneler 1 | . 1 Hauler 1 | . 1 Operator 2 | . 2 Watcher 3 | . 3 Swarmer 3 | . 3 Grunt 12 | . 12 Best Kill Streak 3 | . 3 Combat Bots Only 3 | . 3 Max Kills in Single Turn 2 | . 2 Gunslinging . | . . Exploded . | . . Melee 1 | . 1 Uniques/NPCs Destroyed . | . . Combat | -11 -10 -------- Run | Yrd Mat Hostile Shots Fired 132 | . 132 Missed 33 | . 33 Damage Taken 1056 | . 1056 Core 251 | . 251 Absorbed by Shields . | . . Regen/Repaired (Parts) 41 | . 41 Core Remaining (%) 100 | 100 . Volleys Fired 41 | . 41 Largest 2 | . 2 Hottest 100 | . 100 Shots Fired 76 | . 76 Gun 76 | . 76 Cannon . | . . Launcher . | . . Special . | . . Kinetic 5 | . 5 Thermal 71 | . 71 Explosive . | . . Electromagnetic . | . . Robot Hit Streak 6 | . 6 Robot Miss Streak 3 | . 3 Penetration Max . | . . Secondary Targets . | . . Shots Hit Robots 83 | . 83 Core Hits 20 | . 20 Critical Kills 1 | . 1 Critical Parts Destroyed 8 | . 8 Critical Strikes 11 | . 11 Burn 2 | . 2 Smash 9 | . 9 Melee Attacks 57 | . 57 Impact 57 | . 57 Slashing . | . . Piercing . | . . Sneak Attacks 4 | . 4 Combat Hostiles . | . . Follow-up Attacks . | . . Damage Inflicted 1705 | . 1705 Guns 585 | . 585 Cannons . | . . Explosions . | . . Melee 1106 | . 1106 Ramming 14 | . 14 Kinetic . | . . Thermal 585 | . 585 Explosive . | . . Electromagnetic . | . . Impact 1106 | . 1106 Slashing . | . . Piercing . | . . Highest Corruption . | . . Average Corruption . | . . Corruption Purged . | . . Corruption Blocked . | . . Overload Shots . | . . Overflow Damage 270 | . 270 Projectiles . | . . Explosions . | . . Melee 270 | . 270 Knockbacks 3 | . 3 Impact 3 | . 3 Kinetic . | . . Secondary . | . . Self-Inflicted Damage . | . . Shots . | . . Rammed . | . . Targets Rammed 5 | . 5 Kicked 5 | . 5 Crushed . | . . Highest Temperature 144 | . 144 Average Temperature 45 | . 45 Received Heat Transfer 525 | . 525 Siege Activations . | . . Robots Corrupted 8 | . 8 Combat Hostiles 5 | . 5 Parts Fried 16 | . 16 Impact Corruptions 15 | . 15 Robots Melted . | . . Combat Hostiles . | . . Parts Melted 3 | . 3 Heat Transferred 1850 | . 1850 Parts Sabotaged . | . . Parts Stolen . | . . Parts Stripped . | . . Power Chain Reactions . | . . Alert | -11 -10 ------- Run | Yrd Mat Peak Influence 327 | . 327 Initial . | . . Average 136 | . 141 Maximum Alert Level 1 | . 1 Low Security (%) 64 | 100 63 Level 1 35 | . 36 Level 2 . | . . Level 3 . | . . Level 4 . | . . Level 5 . | . . High Security . | . . Max Security . | . . Squads Dispatched 5 | . 5 Investigation 1 | . 1 Extermination . | . . Reinforcement 4 | . 4 Assault . | . . Garrison . | . . Intercept . | . . Searches Triggered . | . . Construction Impeded . | . . Haulers Reinforced . | . . Active Scanning Responses . | . . Cargo Convoy Interrupts . | . . Stealth | -11 -10 --------- Run | Yrd Mat Distress Signals 4 | . 4 Communications Jammed . | . . Distress Signals . | . . Times Spotted 45 | . 45 Peak Tracking Total 5 | . 5 Tactical Retreats 15 | . 15 Traps | -11 -10 ------- Run | Yrd Mat Traps Triggered 2 | . 2 Indirectly . | . . Trap Hack Attempts . | . . Triggered . | . . Disarmed . | . . Reprogrammed . | . . Reused . | . . Traps Extracted . | . . Installed . | . . Triggered . | . . Machines | -11 -10 ---------- Run | Yrd Mat Machines Disabled . | . . Max in Single Turn . | . . Machines Repaired . | . . Machines Dismantled . | . . Machines Sabotaged . | . . Overloaded Fab Kills . | . . Hacking | -11 -10 --------- Run | Yrd Mat Machines Accessed 6 | . 6 Terminals 4 | . 4 Fabricators . | . . Repair Stations 1 | . 1 Recycling Units 1 | . 1 Scanalyzers . | . . Garrison Access . | . . Total Hacks 19 | . 19 Successful 11 | . 11 Failed 8 | . 8 Catastrophic . | . . Database Lockouts . | . . Manual 9 | . 9 Terminals 12 | . 12 Fabricators . | . . Repair Stations 4 | . 4 Recycling Units 3 | . 3 Scanalyzers . | . . Garrison Access . | . . Terminal Hacks 5 | . 5 Prototype ID Bank 3 | . 3 Unreport Threat 1 | . 1 Zone Layout 1 | . 1 Fabricator Hacks . | . . Repair Station Hacks 3 | . 3 Scan Component 2 | . 2 Repair 1 | . 1 Recycling Unit Hacks 1 | . 1 Retrieve Components 1 | . 1 Scanalyzer . | . . Garrison Access Hacks . | . . Unauthorized Hacks 2 | . 2 Terminals 1 | . 1 Botnet 1 | . 1 Fabricators . | . . Repair Stations . | . . Recycling Units 1 | . 1 Reject 1 | . 1 Scanalyzers . | . . Garrison Access . | . . Data Cores Recovered . | . . Used . | . . Hacking Detections 3 | . 3 Full Trace Events . | . . Feedback Events . | . . Feedback Blocked . | . . Robot Schematics Acquired . | . . Robots Built . | . . Authchips . | . . Time . | . . Total Robot Build Rating . | . . Part Schematics Acquired . | . . Parts Built . | . . Authchips . | . . Time . | . . Total Part Build Rating . | . . Parts Repaired 1 | . 1 Time 26 | . 26 Parts Recycled . | . . Recycled Matter . | . . Retrieved Matter . | . . Retrieved Components 1 | . 1 Parts Scanalyzed . | . . Part Schematics Acquired . | . . Parts Damaged . | . . Bothacking | -11 -10 ------------ Run | Yrd Mat Used RIF Installer . | . . Robots Hacked . | . . Non-combat . | . . Combat . | . . Robot Hacks Applied . | . . Relay Couplers Released . | . . Fabnet Peak Effective % . | . . Robots Rewired . | . . Allies Hacked . | . . Hacks Repelled . | . . Allies | -11 -10 -------- Run | Yrd Mat Total Allies . | . . Largest Group . | . . Highest-Rated Group . | . . Highest-Rated Ally . | . . Total Orders . | . . Ally Attacks . | . . Total Damage . | . . Kills . | . . Allies Corrupted . | . . Allies Melted . | . . Intel | -11 -10 ------- Run | Yrd Mat Robot Analysis Total . | . . Derelict Logs Recovered . | . . Drone Launches . | . . Drone Recoveries . | . . Exploration | -11 -10 ------------- Run | Yrd Mat Turns Passed 1992 | 61 1931 Spaces Moved 776 | 35 741 Core 4 | 4 . Treads 377 | 31 346 Legs 395 | . 395 Wheels . | . . Hover . | . . Flight . | . . Fastest Speed 50 | 50 160 Average Speed 201 | 147 204 Slowest Speed 260 | 160 260 Overloaded Moves . | . . Propulsion Burnouts . | . . Robots Hopped . | . . Cave-ins Triggered . | . . Exploration Rate (%) 44 | 4 84 Regions Visited 1 Branch Regions . Pre-discovered Areas . | . . Known Exits Taken . | . . Unknown Exits Taken 1 | 1 . Scrap Searched . | . . Spaces Dug 6 | . 6 Terrain Destroyed 6 | . 6 Melee 6 | . 6 Projectile . | . . AOE . | . . Terrain Rammed . | . . Walls Destroyed . | . . Machines Disabled . | . . Actions | -11 -10 --------- Run | Yrd Mat Total 1020 | 42 978 Wait 86 | . 86 Move 775 | 34 741 Hop . | . . Pick Up 22 | 2 20 Fast Attach 15 | 5 10 Attach 1 | . 1 Detach 1 | . 1 Swap 7 | 1 6 Drop 10 | . 10 Fire 41 | . 41 Melee 57 | . 57 Ram . | . . Kick 5 | . 5 Crush . | . . Escape Stasis . | . . Rewire . | . . Trap . | . . Miscellaneous . | . . Route ------- -11/Scrapyard -10/Materials (discovered 4 exits: [*Mat x2] / [*Min] / [*Sub]) History --------- Turn | Location | Event 4 | -11/Scrapyard | Discovered new exit (range 15) 62 | -11/Scrapyard | Entered Materials 306 | -10/Materials | Build established: Mutant 534 | -10/Materials | Discovered new exit (range 14) 985 | -10/Materials | Discovered new exit (range 6) 1116 | -10/Materials | Core integrity fell below 50% 1168 | -10/Materials | Discovered new exit (range 15) 1727 | -10/Materials | Repaired Med. Laser 1942 | -10/Materials | Discovered new exit (range 8) 1970 | -10/Materials | Core integrity fell below 20% 1993 | -10/Materials | Destroyed by G-34 Mercenary with Small Laser Last Messages --------------- >>Prototypes Downloading prototype IDs... Hvy. Ion Engine Adv. Beam Cannon 01786_ Connecting with Recycling Unit... >>Retrieve(Components) Retrieving 1 components... Lgt. Cannon >>Trojan(Reject) Trojan loaded successfully. Testing... Ejection routine running. 01942_ EXIT=FOUND 01963_ Triggered Alarm Trap. 01963_ An alarm sounds. 01963_ ALERT: Alarm triggered, dispatching investigation squad. 01985_ Med. Laser destroyed. 01987_ Heat Sink destroyed. 01987_ Kicked G-34 Mercenary. 01989_ Kicked G-34 Mercenary out of the way. Map ----- +----------------------------------------------------+ | ?????????# # #?????????? | | ?????????# + #?????????? | | ?????????# # #?????????? | | ?????????# #############?????????? | | ?????????# #?????????????????????? | | ?????????# #?????????????????????? | | ?????????# #?????????????????????? | | ?????????# #?????????????????????? | | ?????????# #?????????????????????? | | ?????????# #?????????????????????? | | ?????????# #?????????????????????? | | ?????????# #?????????????????????? | | ?????????# #?????????????????????? | | ?????????# #?????????????????????? | | ?????????# #?????????????????????? | | ?????????# #?????????????????????? | | ?????????# #?????????????????????? | | ########## #?????????????????????? | | ? # #?????????????????????? | | # """ # #?????????????????????? | | # """ # ######????????????????? | | # """ # #????????????????? | | # + #????????????????? | | # """ # #????????????????? | | # """ # < #????????????????? | | # """ %#g@ #????????????????? | | # g% ######????????????????? | | ?#############?????????????????????? | | ???????????????????????????????????? | | ???????????????????????????????????? | | ???????????????????????????????????? | | ???????????????????????????????????? | | ???????????????????????????????????? | | | | | | | | | | | | | | | | | | | | | | | | | | | | | | | | | | | +----------------------------------------------------+ Best States ------------- Heat Dissipation 35 Energy Generation 10 Energy Capacity 250 Matter Stores 300 Matter Capacity 300 Sight Range 16 Terrain Scan Density 10 Evasion (%) 40 Recoil Reduction 2 Item Schematics ----------------- None Robot Schematics ------------------ None Fabricated ------------ Nothing Alien Tech Used ----------------- None Achievements -------------- None Challenges ------------ None Game ------ Seed GreatDimensionalCompanion Manual? 0 Play Time 00:10:25 Cumulative 109.0 hours Start 2024.09.04 @ 14:55:28 End 2024.09.04 @ 15:05:44 Sessions 1 Manual Loads 0 Difficulty Rogue Special Mode None Game No. 83 Rogue 80 Adventurer 3 Explorer 0 Win Type - Total 0 Types 0/0/0/0/0/0/0/0/0 Lore% 43 Gallery% 48 Achievement% 43 Wizard Run 0 Options --------- Layout 0 ASCII 0 Keyboard 1 Movement Vi Keybinds 0 Fullscreen 1 Font 18/SmallcapsGlow Map View 76x50 Zoom Use 0% Tactical HUD 1 Map Filters NONE Filters NONE Steam 1 RUN: a5259291-397d-40a4-a516-b03d1d1d8700